AoeStats
← Navix de los Bosques de Lituania

Socotra

504135610Analyzed
3v3 RM · 27d ago on Sep 4, 2026· 40m 27s· 6 players
Game mode
Random Map
Map size
128×128
Population
200
Speed
Normal
Resources
Standard
Victory
Conquest
Starting age
Dark Age
Ending age
Imperial Age
RankedLock teamsTeams togetherTeam positionsShared explorationLock speedFull tech treeHidden civsTurbo modeCheats
Victory
Defeat
🇨🇦 Vikings · Canada
632
+20
🇨🇦 Huns · Canada
620
+20
🇨🇦 Byzantines · Canada
589
+21
🇨🇴 Britons · Colombia
746
-22
712
-20
🇦🇺 Bohemians · Australia
684
-19
1138kPaa186C
0:42 Loom
14:42 Feudal Age
16:42 Horse Collar
16:25 Man-at-Arms
17:25 Gold Mining
17:47 Double-Bit Axe
24:22 Castle Age
23:14 Forging
Rhizobiaceae
0:33 Loom
11:44 Feudal Age
12:07 Horse Collar
12:15 Double-Bit Axe
14:31 Wheelbarrow
16:49 Gold Mining
16:28 Man-at-Arms
18:43 Fletching
21:50 Castle Age
21:00 Padded Archer Armor
22:04 Crossbowman
22:04 Elite Skirmisher
22:07 Pikeman
23:13 Long Swordsman
24:38 Bodkin Arrow
31:51 Leather Archer Armor
34:03 Gold Shaft Mining
34:08 Scale Barding Armor
34:14 Forging
34:35 Thumb Ring
37:37 Iron Casting
41:05 Imperial Age
39:18 Scale Mail Armor
Necrosaro
5:57 Loom
12:24 Feudal Age
16:50 Wheelbarrow
17:34 Horse Collar
19:10 Double-Bit Axe
19:23 Stone Mining
24:11 Castle Age
25:20 Fletching
30:30 Gold Mining
32:19 Forging
32:15 Scale Barding Armor
32:30 Bodkin Arrow
33:00 Hand Cart
33:16 Husbandry
37:31 Heavy Plow
40:57 Chain Barding Armor
41:13 Iron Casting
41:10 Bow Saw
Navix de los Bosques de Lituania
3:30 Loom
11:35 Feudal Age
11:37 Man-at-Arms
13:17 Arson
16:01 Long Swordsman
20:07 Forging
21:54 Wheelbarrow
21:33 Double-Bit Axe
22:12 Padded Archer Armor
22:27 Fletching
22:47 Horse Collar
23:53 Scale Mail Armor
25:27 Pikeman
35:40 Castle Age
Derzer
10:47 Feudal Age
17:38 Double-Bit Axe
17:34 Horse Collar
20:24 Fletching
24:22 Castle Age
22:54 Padded Archer Armor
25:42 Bow Saw
25:34 Heavy Plow
24:59 Crossbowman
28:39 Bodkin Arrow
30:36 Wheelbarrow
30:04 Caravan
31:30 Gold Mining
31:35 Stone Mining
32:20 Hand Cart
31:56 Town Watch
33:30 Yeomen
33:39 Scale Barding Armor
34:07 Coinage
35:09 Gold Shaft Mining
35:37 Town Patrol
36:13 Leather Archer Armor
41:38 Imperial Age
THENEYK
11:46 Feudal Age
17:49 Castle Age
20:11 Town Watch
20:52 Double-Bit Axe
33:45 Imperial Age
38:47 Chemistry
Connection lost

Rejoining the realm…

Still unreachable

The connection could not be restored.

Session expired

The server has moved on; the page needs a fresh start.